 Dungeon Sprint DCSS version 0.26.1-11-gd32895ea62 (webtiles) character file.

Game seed: 5223911174541742319

102 Zeld the Geomancer (level 4, -9/24 HPs)
             Began as a Gargoyle Earth Elementalist on June 6, 2021.
             Mangled by a slime creature (20 damage)
             ... in the Dungeon (Sprint I: "Red Sonja").
             The game lasted 00:01:07 (1091 turns).

Zeld the Geomancer (Gargoyle Earth Elementalist)    Turns: 1091, Time: 00:01:08

Health: -9/24      AC:  5    Str: 12    XL:     4   Next: 78%
Magic:  8/10       EV: 13    Int: 16    God:
Gold:   108        SH:  0    Dex: 10    Spells: 1/11 levels left

rFire    . . .     SeeInvis .   (no weapon)
rCold    . . .     Faith    .   (no shield)
rNeg     + . .     Spirit   .   c - +0 robe
rPois    ∞         Reflect  .   (no helmet)
rElec    +         Harm     .   (no cloak)
rCorr    .         Rampage  .   (no gloves)
Will     .....     NoTele   +   (no boots)
Stlth    ++........             (no amulet)
HPRegen  0.08/turn              (no ring)
MPRegen  0.12/turn              (no ring)

@: no status effects
A: negative energy resistance 1, electricity resistance, unbreathing,
petrification resistance, miasma immunity, AC +3
a: no special abilities


You were in the Dungeon.
You visited 1 branch You collected 108 gold pieces.

Inventory:

Missiles
 b - 23 stones (quivered)
Armour
 c - a +0 robe (worn)
Scrolls
 i - a scroll of blinking
Potions
 d - a potion of curing
 e - a potion of heal wounds
 f - a potion of haste
 g - 2 potions of magic


   Skills:
 + Level 4.0 Dodging
 - Level 2.1 Stealth
 + Level 4.4 Spellcasting
 - Level 0.7 Transmutations
 * Level 8.5 Earth Magic


You had one spell level left.
You knew the following spells:

 Your Spells              Type           Power        Failure   Level
a - Sandblast             Erth           60%          1%          1
b - Passwall              Tmut/Erth      15%          3%          2
c - Stone Arrow           Conj/Erth      34%          9%          3
d - Petrify               Tmut/Erth      18%          24%         4

Your spell library contained the following spells:

 Spells                   Type           Power        Failure   Level
 Lee's Rapid Deconstruct  Erth           15%          14%         5


Dungeon Overview and Level Annotations

Branches:
Dungeon (1/1)

Altars:
Makhleb
Xom

Annotations:
D Sigmund


Innate Abilities, Weirdness & Mutations

You are resistant to torment.
Your stone body is resilient. (AC +3)
You are immune to poison.
You resist negative energy. (rN+)
You are resistant to electric shocks. (rElec)
You can survive without breathing.
You are immune to petrification.
You are immune to miasma.


Message History

The slime creature is lightly wounded.
The slime creature hits you!
Ouch! That really hurt!
There is an open door here.
You see here a +0 giant club.
There is an open door here.
The slime creature completely misses you.
Things that are here:
a +0 club; a cursed +0 leather armour
There is a fountain of clear blue water here.
Casting: Passwall (safe; 3% risk of failure)
Confirm with . or Enter, or press ? or * to list all spells.
Aiming: Passwall (safe; 3% risk of failure)
Press: ? - help, Dir - move target A rock wall.
The slime creature misses you.
You begin to meditate on the wall.
You continue meditating on the rock.
The slime creature hits you!!
Ouch! That really hurt!
You die...

################
#<.#.)'..#..'..#
#..'..#..'..#..'..
#..#####'#####'#__
#..# #..# .# #
#..# #### # #J.#
#@⌠# #### #..#
####


You could see a slime creature.

Vanquished Creatures
  An ogre (D)
  Ijyb (D)
2 creatures vanquished.

Vanquished Creatures (others)
  A gargoyle (D)
1 creature vanquished.

Grand Total: 3 creatures vanquished

Notes
Turn   | Place    | Note
-------+----------+-------------------------------------------
     0 | D        | Zeld the Gargoyle Earth Elementalist began the quest for
                  | the Orb.
     0 | D        | Reached XP level 1. HP: 10/10 MP: 3/3
     3 | D        | Noticed Ijyb
    34 | D        | Killed Ijyb
    35 | D        | Reached skill level 5 in Earth Magic
    35 | D        | Reached XP level 2. HP: 11/15 MP: 1/6
    39 | D        | Learned a level 2 spell: Passwall
   349 | D        | Killed a gargoyle
   389 | D        | Noticed an ogre
   392 | D        | Killed an ogre
   393 | D        | Reached skill level 8 in Earth Magic
   393 | D        | Reached XP level 3. HP: 19/19 MP: 3/8
   393 | D        | Reached XP level 4. HP: 24/24 MP: 3/10
   397 | D        | Learned a level 3 spell: Stone Arrow
   402 | D        | Learned a level 4 spell: Petrify
   575 | D        | Noticed Sigmund
  1068 | D        | Found a burning altar of Makhleb.
  1068 | D        | Found a shimmering altar of Xom.
  1068 | D        | Noticed a slime creature
  1091 | D        | Mangled by a slime creature

Illustrated notes

Levels and vault maps discovered:
D:        dungeon_sprint_1 [red_sonja_temple_1, red_sonja_temple_small_1]

Skill      XL: |  1  2 |
---------------+-------+-----
Dodging        | 2 4 |  4.0
Spellcasting   | 3 4 |  4.4
Earth Magic    | 5 8 |  8.5
Stealth        | |  2.1
Transmutations | |  0.7

Action                   |  1- 3 |  4- 6 || total
-------------------------+-------+-------++-------
Melee: Unarmed           |    22 |     1 ||    23
 Cast: Sandblast         |     7 |       ||     7
       Passwall          |       |     3 ||     3
  Use: Potion            |     1 |       ||     1
Armor: Robe              |     4 |     1 ||     5
Dodge: Dodged            |    12 |     5 ||    17
